 Dungeon Crawl Stone Soup version 0.16-a0-139-gc9fe9b1 (webtiles) character file.

1353 Ratboiler the Basher (level 8, -2/70 HPs)
             Began as an Ogre Artificer on Aug 14, 2014.
             Was an Initiate of the Shining One.
             Slain by an ogre
             ... wielding a +0 giant spiked club
              (22 damage)
             ... on Level 6 of the Dungeon.
             The game lasted 00:19:56 (6127 turns).

Ratboiler the Basher (Ogre Artificer)               Turns: 6127, Time: 00:19:56

HP  -2/70        AC  3     Str 17      XL: 8   Next: 63%
MP  11/11        EV 12     Int 11      God: the Shining One [......]
Gold 21          SH  0     Dex 12      Spells:  0 memorised,  7 levels left

rFire  + + .     SeeInvis .     D - +0 giant club
rCold  . . .     Clarity  .     J - +0 robe of Lafefi {rElec rF++ Curse}
rNeg   . . .     rCorr    .     (shield restricted)
rPois  .         rRot     .     (helmet restricted)
rElec  +         Spirit   .     (no cloak)
SustAb .         Warding  .     (gloves unavailable)
rMut   .         Stasis   .     (boots unavailable)
Gourm  .                        (no amulet)
MR     .....                    t - +3 ring of slaying
                                (no ring)

@: not resistant to hostile enchantments, very unstealthy
A: unfitting armour, tough skin 1
a: Renounce Religion


You were on level 6 of the Dungeon.
You worshipped the Shining One.
The Shining One was noncommittal.
You were not hungry.

You visited 2 branches of the dungeon, and saw 7 of its levels.
You also visited: Ossuary.

You collected 342 gold pieces.
You spent 321 gold pieces at shops.

Inventory:

Hand weapons
 a - a +1 club
 D - a +0 giant club (weapon)
Missiles
 v - a throwing net (quivered)
Armour
 e - a +0 robe
 J - the cursed +0 robe of Lafefi (worn) {rElec rF++ Curse}
   (You bought it in a shop on level 4 of the Dungeon)

   It greatly protects you from fire.
   It insulates you from electricity.
   It may recurse itself when equipped.
   It has a curse placed upon it.
Magical devices
 b - a wand of flame (2)
 c - a wand of enslavement (8)
 d - a wand of random effects (5)
Comestibles
 f - 4 meat rations
 q - 2 beef jerkies
 s - a royal jelly
 B - 2 bread rations
Scrolls
 i - 3 scrolls of identify
 j - a scroll of noise {unknown}
 k - 5 scrolls of teleportation
 m - a scroll of enchant weapon {unknown}
 p - 2 scrolls of remove curse
 y - a scroll of fear {unknown}
 A - a scroll of random uselessness
 C - a scroll of fog {unknown}
 E - a scroll of blinking
Jewellery
 n - an uncursed ring of stealth
 t - a +3 ring of slaying (right hand)
 w - an uncursed amulet of guardian spirit
 x - an uncursed ring of see invisible
 z - a cursed ring of stealth
 K - an uncursed amulet of stasis
Potions
 g - a potion of curing
 h - 2 potions of lignification
 l - 2 potions of restore abilities {unknown}
 o - 2 potions of haste {unknown}
 r - 2 potions of cure mutation {unknown}
 u - 2 potions of brilliance {unknown}
 F - 2 potions of invisibility {unknown}
 G - 2 potions of berserk rage {unknown}
 H - 2 potions of porridge
 I - a potion of heal wounds {unknown}


   Skills:
 - Level 1.3 Fighting
 * Level 10.9 Maces & Flails
 + Level 5.5 Dodging
 - Level 0.7 Stealth
 - Level 2.4 Evocations


You had 7 spell levels left.
You didn't know any spells.

Dungeon Overview and Level Annotations

Branches:
Dungeon (6/15)             Temple (1/1) D:5

Altars:
Ashenzari
Cheibriados
Dithmenos
Elyvilon
Fedhas
Gozag
Makhleb
Nemelex Xobeh
Okawaru
Qazlal
Sif Muna
Trog
Xom
Zin
The Shining One

Shops:
D:4 [


Innate Abilities, Weirdness & Mutations

You are too large for most types of armour.
You have tough skin (AC +1).


Message History

D - a +0 giant club (weapon)
An ogre comes into view. It is wielding a giant spiked club.
The ogre shouts!
The ogre moves out of view.
You barely miss the ogre.
The ogre hits you with a giant spiked club!!
You barely miss the ogre. You thump the ogre!
The ogre is moderately wounded.
The ogre hits you with a giant spiked club!!
* * * LOW HITPOINT WARNING * * *
Evoke which item? (* to show all) (? for menu, Esc to quit)
Zapping:
b - a wand of flame (3)
Press: ? - help, Shift-Dir - straight line, f - ogre
Aim: an ogre, wielding a giant spiked club (moderately wounded)
The puff of flame hits the ogre.
The ogre is heavily wounded.
This wand has 2 charges left.
The ogre hits you with a giant spiked club!!
You die...

..######.#.# ### #.##
#.#.# ..
#..#####.#.#.## ##
#.........%..># .
#.######..#...#. .##
.......%..#.#.#.###..#
...###...............#
#### #..#.###.###O#
#..#...#.#.@.#
#..###.#.#.###.#
#..............#
#..###.#.#.###.# #..#
#.....# #..# ###.### .
... #.. ....


You could see an ogre.

Vanquished Creatures
  Grinder (D:4)
  Menkaure (D:4)
  An ice beast (D:4)
  An ogre (D:6)
  The ghost of TAS2012 the Sneak, an average OpAs (D:4)
  A crimson imp (D:5)
  3 human zombies (Ossuary)
  A centaur zombie (Ossuary)
  A hound (D:4)
  A giant frog skeleton (D:4)
  6 orc wizards
  An iguana (D:5)
  Ijyb (D:4)
  Jessica (D:3)
  2 mummies (Ossuary)
  An ogre skeleton (D:6)
  Terence (D:2)
  5 gnolls
  A giant mite (D:1)
  3 worms
  13 adders
  An adder skeleton (D:5)
  3 adder zombies (Ossuary)
  5 giant geckos
  2 oozes
  8 orcs
  5 giant cockroaches
  5 hobgoblins
  2 jackals (D:5)
  A quokka (D:4)
  3 ball pythons
  8 bats
  A giant newt (D:3)
  9 goblins
  A goblin zombie (Ossuary)
  6 hobgoblin zombies (Ossuary)
  2 jackal zombies (Ossuary)
  12 kobolds
  6 kobold zombies (Ossuary)
  14 orc zombies (Ossuary)
  18 rats
  A rat zombie (Ossuary)
160 creatures vanquished.

Vanquished Creatures (collateral kills)
  3 gnolls (D:4)
3 creatures vanquished.

Grand Total: 163 creatures vanquished

Notes
Turn   | Place    | Note
--------------------------------------------------------------
     0 | D:1      | Ratboiler, the Ogre Artificer, began the quest for the Orb.
     0 | D:1      | Reached XP level 1. HP: 19/19 MP: 1/1
   210 | D:1      | Reached XP level 2. HP: 12/27 MP: 2/2
   722 | D:2      | Reached skill level 3 in Maces & Flails
   811 | D:2      | Reached XP level 3. HP: 31/33 MP: 4/4
  1130 | D:2      | HP: 1/33 [worm (9)]
  1414 | D:2      | Found an opulent altar of Gozag.
  1557 | D:2      | Noticed Terence
  1560 | D:2      | Killed Terence
  1560 | D:2      | Reached skill level 4 in Maces & Flails
  1560 | D:2      | Reached XP level 4. HP: 37/41 MP: 5/5
  2233 | D:3      | Reached XP level 5. HP: 19/48 MP: 4/7
  2269 | D:3      | Noticed Jessica
  2273 | D:3      | Killed Jessica
  2273 | D:3      | Reached skill level 5 in Maces & Flails
  2801 | D:4      | Noticed Menkaure
  2848 | D:4      | Noticed an ice beast
  2850 | D:4      | Killed an ice beast
  2850 | D:4      | Reached skill level 6 in Maces & Flails
  2850 | D:4      | Reached XP level 6. HP: 55/55 MP: 8/8
  2941 | D:4      | Noticed TAS2012's ghost (average OpAs)
  3044 | D:4      | Noticed Grinder
  3056 | D:4      | Killed Grinder
  3056 | D:4      | Reached skill level 7 in Maces & Flails
  3056 | D:4      | Reached XP level 7. HP: 51/62 MP: 7/9
  3146 | D:4      | Reached skill level 8 in Maces & Flails
  3446 | D:4      | Killed TAS2012's ghost
  3669 | D:4      | Killed Menkaure
  3669 | D:4      | Reached skill level 9 in Maces & Flails
  3875 | D:4      | Found Puchez's Armour Shop.
  3875 | D:4      | Noticed Ijyb
  3890 | D:4      | Killed Ijyb
  3890 | D:4      | Reached XP level 8. HP: 64/70 MP: 8/11
  4042 | D:5      | Entered Level 5 of the Dungeon
  4103 | D:5      | Found a sand-covered staircase.
  4108 | Ossuary  | Entered an ossuary
  4258 | Ossuary  | Reached skill level 5 in Dodging
  4655 | Ossuary  | Reached skill level 10 in Maces & Flails
  5264 | D:5      | Found a staircase to the Ecumenical Temple.
  5274 | Temple   | Entered the Ecumenical Temple
  5316 | Temple   | Became a worshipper of the Shining One
  5361 | D:5      | Found a shadowy altar of Dithmenos.
  5564 | D:4      | Bought the cursed +0 robe of Lafefi {rElec rF++ Curse} for 321 gold pieces
  5723 | D:5      | Found a burning altar of Makhleb.
  6054 | D:6      | Found a shadowy altar of Dithmenos.
  6127 | D:6      | Slain by an ogre

Action                   |  1- 3 |  4- 6 |  7- 9 || total
-------------------------+-------+-------+-------++-------
Melee: Club              |   102 |   141 |   436 ||   679
       Giant club        |       |       |     3 ||     3
Evoke: Wand              |     2 |     9 |    19 ||    30
  Use: Potion            |       |     1 |       ||     1
       Scroll            |       |       |     6 ||     6
 Stab: Sleeping          |     3 |     7 |     8 ||    18
       Distracted        |     1 |       |       ||     1
       Paralysed         |       |     7 |       ||     7
  Eat: Chunk             |     2 |     5 |     9 ||    16
       Pizza             |       |       |     1 ||     1
